 Dungeon Crawl Stone Soup version 0.29-a0-542-g075992c915 (webtiles) character file.

Game seed: 8048995071613114893

58980 Armakuni the Exorcist (level 15, -5/44 (126) HPs)
             Began as a Meteoran Wanderer on June 4, 2022.
             Was an Elder of the Shining One.
             Slain by a cyclops (25 damage)
             ... on level 12 of the Dungeon.
             The game lasted 01:08:17 (11285 turns).

Armakuni the Exorcist (Meteoran Wanderer)          Turns: 11285, Time: 01:08:17

HP:   -5/44 (126)   AC: 15    Str: 25    XL:     15   Next: 77%
MP:   23/26         EV: 19    Int: 14    God:    the Shining One [****..]
Gold: 1748          SH: 11    Dex: 20    Spells: 7/14 levels left

rFire   + . .      SeeInvis .   a - staff of poison
rCold   . . .      Faith    +   (no shield)
rNeg    + + .      Spirit   .   t - +0 scale mail
rPois   +          Reflect  .   g - +1 helmet of Weirdness {rF+ Str+6 Dex+3}
rElec   .          Harm     .   (no cloak)
rCorr   .          Rampage  .   u - +0 pair of gloves
Will    +....                   e - +2 pair of boots
Stlth   ..........              U - amulet of faith
HPRegen 0.14/turn               S - +4 ring of slaying
MPRegen 0.20/turn               E - +4 ring of evasion

@: divinely shielded, glowing, extremely drained
A: sense surroundings 2, otherworldly, glowing, explore regen
a: Renounce Religion, Divine Shield, Cleansing Flame


You were on level 12 of the Dungeon.
You worshipped the Shining One.
The Shining One was greatly pleased with you.
You visited 4 branches of the dungeon, and saw 22 of its levels.

You collected 1800 gold pieces.
You spent 52 gold pieces at shops.

Inventory:

Hand Weapons
 f - a +2 long sword of flaming
 k - the +8 hand axe "Jiec Ecy" {freeze, rC+}
   (You found it on level 1 of the Lair of Beasts)

   It freezes those it strikes, dealing additional cold damage.
   It can also slow down cold-blooded creatures.
   rC:        It protects you from cold.
Missiles
 c - 8 javelins
 q - 5 boomerangs
 x - 3 curare-tipped darts (quivered)
Armour
 e - a +2 pair of boots (worn)
 g - the +1 helmet of Weirdness (worn) {rF+ Str+6 Dex+3}
   (You acquired it on level 4 of the Lair of Beasts)

   Str:       It affects your strength (+6).
   Dex:       It affects your dexterity (+3).
   rF:        It protects you from fire.
 i - an orb of energy
 t - a +0 scale mail (worn)
 u - a +0 pair of gloves (worn)
Magical Staves
 a - a staff of poison (weapon)
 b - a staff of cold
Jewellery
 E - a +4 ring of evasion (right hand)
 R - an amulet of regeneration
 S - a +4 ring of slaying (left hand)
 U - an amulet of faith (around neck)
Wands
 h - a wand of acid (5)
 p - a wand of paralysis (4)
 v - a wand of flame (35)
 w - a wand of charming (3)
 y - a wand of polymorph (4)
Scrolls
 j - a scroll of blinking
 l - 3 scrolls of fog
 A - 2 scrolls of enchant weapon
 C - a scroll of vulnerability
 I - 4 scrolls of noise
 M - 2 scrolls of amnesia
 P - 3 scrolls of fear
 T - a scroll of silence
 V - 2 scrolls of enchant armour
 Y - 3 scrolls of teleportation
Potions
 d - 5 potions of haste
 n - 3 potions of ambrosia
 o - 5 potions of heal wounds
 r - 5 potions of flight
 s - 5 potions of resistance {unknown}
 z - a potion of mutation {unknown}
 B - 6 potions of might {unknown}
 D - a potion of degeneration {unknown}
 G - 4 potions of brilliance
 H - a potion of experience {unknown}
 K - 6 potions of curing
 L - 4 potions of lignification
 O - 2 potions of attraction {unknown}
 W - a potion of cancellation
 X - 2 potions of invisibility {unknown}
Miscellaneous
 m - a phantom mirror


   Skills:
 - Level 10.0 Fighting
 - Level 4.6(5.0) Axes
 - Level 2.4(8.5) Polearms
 - Level 11.8(12.0) Staves
 - Level 10.0 Throwing
 + Level 8.7 Armour
 + Level 8.0 Dodging
 - Level 10.0 Ice Magic
 - Level 10.0 Poison Magic
 + Level 14.4 Invocations
 - Level 10.0 Evocations


You had 7 spell levels left.
You knew the following spells:

 Your Spells              Type           Power      Damage    Failure   Level
m - Iskenderun's Mystic   Conj/Tloc      0%         2d3       99%         4
o - Ozocubu's Armour      Ice            28%        N/A       3%          3

Your spell library contained the following spells:

 Spells                   Type           Power      Damage    Failure   Level
 Ensorcelled Hibernation  Hex/Ice        28%        N/A       12%         2
 Spider Form              Tmut/Pois      21%        N/A       22%         3
 Beastly Appendage        Tmut           0%         N/A       52%         1
 Foxfire                  Conj/Fire      0%         2x1d4     52%         1
 Slow                     Hex            0%         N/A       52%         1
 Passwall                 Tmut/Erth      0%         N/A       65%         2
 Wereblood                Tmut           0%         N/A       65%         2
 Confusing Touch          Hex            0%         N/A       87%         3
 Conjure Flame            Conj/Fire      0%         6-21      87%         3
 Dazzling Flash           Conj/Hex       0%         N/A       87%         3
 Inner Flame              Hex/Fire       0%         N/A       87%         3
 Swiftness                Air            0%         N/A       87%         3
 Vampiric Draining        Necr           0%         2d6       87%         3
 Metabolic Englaciation   Hex/Ice        7%         N/A       91%         5
 Flame Wave               Conj/Fire      0%         2d4       99%         4
 Fulminant Prism          Conj/Hex       0%         3d6       99%         4
 Agony                    Necr           0%         N/A       100%        5
 Lee's Rapid Deconstruct  Erth           0%         3d5*      100%        5
 Silence                  Hex/Air        0%         N/A       100%        5
 Simulacrum               Ice/Necr       7%         N/A       100%        6


Dungeon Overview and Level Annotations

Branches:
Dungeon (13/15)            Temple (1/1) D:5            Lair (6/6) D:11
  Swamp (0/4) Lair:2       Spider (0/4) Lair:2        Slime (0/5) Lair:5
    Orc (2/2) D:10
    Elf: Orc:2       Vaults: D:13-14

Altars:
Elyvilon
Fedhas
Hepliaklqana
Makhleb
Nemelex Xobeh
Okawaru
Ru
Uskayaw
Vehumet
Xom
Zin
The Shining One
Beogh
Jiyva

Shops:
D:5 (

Annotations:
D:10 exclusion: downstairs
Lair:4 1 runed translucent door, Tyssa's ghost, journeyman MeMo
Lair:6 1 runed translucent door


Innate Abilities, Weirdness & Mutations

You passively map the area around you.
You are easily found by Zot.
You glow in the dark.
You regain HP and MP as you explore.


Message History

The troll bites your two-headed ogre!
Your two-headed ogre dies!
The slime creature moves out of view.
The gnoll moves out of view.
A gnoll comes into view. It is wielding a +0 halberd.
There is an open door here.
You start resting.
A troll is nearby!
You hit the troll!
You envenom the troll!
You kill the troll!
The troll's shape twists and changes as it dies.
There is an open door here.
You see here a shapeshifter corpse.
You start resting.
A slime creature is nearby!
You hit the slime creature!
The slime creature is lightly wounded.
b - a staff of cold (weapon)
The slime creature hits you.
You hit the slime creature. You freeze the slime creature!
The slime creature is moderately wounded.
You hit the slime creature. You freeze the slime creature!
The slime creature is heavily wounded.
The slime creature misses you. A divine shield forms around you!
The slime creature hits you but does no damage.
You hit the slime creature! You freeze the slime creature.
The slime creature is severely wounded.
The slime creature hits you!
You hit the slime creature. You freeze the slime creature!
The slime creature is almost dead.
You hit the slime creature! You freeze the slime creature!
You kill the slime creature!
a - a staff of poison (weapon)
You hit the cyclops.
You envenom the cyclops!
The cyclops is poisoned.
The cyclops is heavily wounded.
You hit the cyclops.
You envenom the cyclops!
The cyclops looks even sicker.
The cyclops is almost dead.
The cyclops hits you!!
Ouch! That really hurt!
You die...

, .....#.....#..##..# , ,,
....#.....#......# ,,
*,...#.....+......#, , .,
*#..#.....#####..# ,, .#.
,##..##.......##..### ,
,,.#..g#'...#)......#......
**
.#..)C.J.g#.......#......
.#...####C#.......######. ,
C#. *#@...####.....###. ,
., #.'....'..#.....#... , ,
,#..#....#..#.....#... , ,
####....####.....##'# ,,
*,,...........>....... ** ,
.................... , , ,
, ..................... , ,
..................... ' *
'*##......####....


You could see a cyclops (very poisoned) and a gnoll.

Vanquished Creatures
  2 boulder beetles
  6 hydras
  2 two-headed ogres
  17 death yaks
  Sonja (Lair:2)
  A deep elf pyromancer (D:12)
  2 lindwurms (Lair:1)
  Pikel (D:6)
  A manticore (D:12)
  19 elephants
  6 black mambas
  14 cane toads
  A gargoyle (D:11)
  3 torpor snails (Lair:6)
  3 rime drakes (Lair:1)
  A kobold demonologist (D:11)
  An unseen horror (D:11)
  An ice devil (Lair:1)
  An entropy weaver simulacrum (Lair:1)
  10 komodo dragons
  A troll (shapeshifter) (D:12)
  3 polar bears
  2 tyrant leeches (Lair:6)
  2 hornets (Lair:6)
  7 blink frogs
  4 slime creatures
  7 dream sheep (Lair:5)
  2 jumping spiders (Lair:2)
  4 wyverns
  A shadow (D:11)
  46 yaks
  3 basilisks
  2 steam dragons (D:7)
  A redback (Lair:2)
  2 swamp worms (Lair:2)
  An acid dragon (D:11)
  A warg (Orc:1)
  14 water moccasins
  An ice beast (D:5)
  5 orc warriors
  6 black bears
  11 wolves
  2 ogres (Orc:1)
  2 centaurs
  4 phantoms
  Blork the orc (D:5)
  5 kobold brigands (D:7)
  A gnoll sergeant (D:9)
  10 bullfrogs
  A necrophage (D:4)
  A two-headed ogre simulacrum (Lair:1)
  A cane toad simulacrum (Lair:1)
  3 scorpions
  5 wights
  12 killer bees
  3 howler monkeys (D:10)
  2 electric eels
  6 jellies (D:7)
  6 orc priests
  2 gnoll shamans
  An iguana (D:5)
  9 orc wizards
  6 hell rats (Lair:2)
  17 gnolls
  Robin (D:3)
  6 adders
  13 river rats (Lair:2)
  A naga simulacrum (Lair:1)
  A shadow imp (D:5)
  A white imp (D:7)
  2 ufetubi
  2 worms
  2 dart slugs
  26 orcs
  5 bats
  7 endoplasms
  5 giant cockroaches
  11 hobgoblins
  3 jackals (D:1)
  12 quokkas
  9 ball pythons
  A frilled lizard (D:3)
  13 goblins
  17 kobolds
  17 rats
474 creatures vanquished.

Vanquished Creatures (collateral kills)
  A death yak (Lair:6)
  A gargoyle (D:12)
  A hornet (Lair:6)
  An ice beast (D:7)
  A centaur (D:12)
  An orc priest (D:4)
6 creatures vanquished.

Vanquished Creatures (others)
  A two-headed ogre (D:12)
  A black mamba (Lair:6)
  A hornet (Lair:6)
  An orc (D:4)
  A ball python (D:4)
  A kobold (D:7)
  27 fungi
  80 plants
  11 toadstools (D:7)
124 creatures vanquished.

Grand Total: 604 creatures vanquished

Notes
Turn   | Place    | Note
-------+----------+-------------------------------------------
     0 | D:1      | Armakuni the Meteoran Wanderer began the quest for the Orb.
     0 | D:1      | Armakuni set off with the following items: a +0 spear, a
                  | phantom mirror, a +0 scale mail, a potion of haste
     0 | D:1      | Reached XP level 1. HP: 16/16 MP: 2/2
   170 | D:1      | Reached skill level 1 in Dodging
   170 | D:1      | Reached XP level 2. HP: 23/23 MP: 3/3
   231 | D:2      | Reached XP level 3. HP: 26/29 MP: 4/4
   602 | D:1      | Reached skill level 1 in Staves
  1173 | D:1      | Found a faded altar of an unknown god.
  1314 | D:3      | Reached XP level 4. HP: 37/37 MP: 5/5
  1995 | D:4      | Noticed a black bear
  2008 | D:4      | Killed a black bear
  2009 | D:4      | Reached XP level 5. HP: 31/46 MP: 6/6
  2040 | D:4      | Noticed a phantom
  2089 | D:4      | Killed a phantom
  2090 | D:4      | Reached XP level 6. HP: 20/53 MP: 7/7
  2120 | D:5      | Entered Level 5 of the Dungeon
  2142 | D:4      | Noticed a black bear
  2224 | D:5      | Noticed a black bear
  2230 | D:5      | Found Jojyrph's Weapon Boutique.
  2230 | D:5      | Noticed Blork the orc
  2235 | D:5      | Killed Blork the orc
  2236 | D:5      | Reached XP level 7. HP: 50/60 MP: 8/8
  2244 | D:5      | Bought a +0 quarterstaff for 52 gold pieces
  2250 | D:5      | Reached skill level 5 in Fighting
  2284 | D:6      | Reached skill level 5 in Staves
  2286 | D:6      | Noticed Pikel
  2321 | D:5      | Reached XP level 8. HP: 7/68 MP: 9/9
  2443 | D:4      | Identified the +6 war axe of Ruination {freeze, Will+
                  | rCorr}
  2750 | D:3      | Noticed Robin
  2768 | D:3      | Killed Robin
  2966 | D:5      | Gained mutation: You passively map the area around you.
                  | [Meteoran growth]
  2966 | D:5      | Reached XP level 9. HP: 68/74 MP: 10/10
  3053 | D:6      | Reached skill level 10 in Staves
  3053 | D:6      | Reached skill level 5 in Evocations
  3062 | D:5      | HP: 3/74 [poisoned by a killer bee]
  3183 | D:5      | Found a staircase to the Ecumenical Temple.
  3191 | Temple   | Entered the Ecumenical Temple
  3270 | Temple   | Became a worshipper of the Shining One
  3565 | D:6      | Killed Pikel
  3704 | D:7      | Reached skill level 1 in Axes
  3704 | D:7      | Reached skill level 5 in Throwing
  3726 | D:7      | Reached XP level 10. HP: 18/81 MP: 11/11
  3966 | D:7      | Reached * piety under the Shining One
  4036 | D:7      | Reached skill level 2 in Invocations
  4113 | D:7      | Reached skill level 3 in Invocations
  4364 | D:8      | Found an iron altar of Okawaru.
  4549 | D:8      | Reached skill level 10 in Throwing
  4610 | D:8      | Reached XP level 11. HP: 66/87 MP: 12/14
  4697 | D:9      | Reached ** piety under the Shining One
  4934 | D:10     | Entered Level 10 of the Dungeon
  5008 | D:11     | Noticed a death yak
  5008 | D:11     | Noticed a death yak
  5008 | D:11     | Found a staircase to the Lair.
  5009 | D:11     | Noticed a death yak
  5374 | D:10     | Noticed a two-headed ogre
  5380 | D:10     | Killed a two-headed ogre
  5381 | D:10     | Reached skill level 10 in Fighting
  5443 | D:10     | Found a staircase to the Orcish Mines.
  5476 | Orc:1    | Entered Level 1 of the Orcish Mines
  5515 | Orc:2    | Entered Level 2 of the Orcish Mines
  5565 | Orc:1    | Reached skill level 4 in Invocations
  6026 | D:11     | Noticed a death yak
  6040 | D:11     | Noticed a death yak
  6040 | D:11     | Noticed a death yak
  6041 | D:11     | Killed a death yak
  6042 | D:11     | Reached skill level 5 in Armour
  6046 | D:11     | Killed a death yak
  6047 | D:11     | Reached skill level 5 in Invocations
  6047 | D:11     | Reached XP level 12. HP: 83/106 MP: 14/16
  6158 | D:11     | Killed a death yak
  6163 | D:11     | Killed a death yak
  6163 | D:11     | Killed a death yak
  6163 | D:11     | Killed a death yak
  6164 | D:11     | Reached skill level 5 in Dodging
  6164 | D:11     | Reached skill level 6 in Invocations
  6164 | D:11     | Reached skill level 7 in Invocations
  6212 | D:12     | Reached skill level 1 in Poison Magic
  6220 | D:12     | Noticed a deep elf pyromancer
  6234 | D:12     | Killed a deep elf pyromancer
  6240 | D:12     | Noticed a two-headed ogre
  6249 | D:12     | Killed a two-headed ogre
  6325 | Lair:1   | Entered Level 1 of the Lair of Beasts
  6427 | Lair:1   | Reached skill level 5 in Poison Magic
  6552 | Lair:3   | Found the +4 robe of Folly {Brilliance Will-∞ Int+8}
  6639 | Lair:2   | Reached XP level 13. HP: 82/113 MP: 17/19
  6713 | Lair:2   | Identified the amulet of Xoffiass {Acrobat *Slow rCorr
                  | Int+2 Stlth+}
  6740 | Lair:2   | Noticed an eight-headed hydra
  6749 | Lair:2   | Found the +6 shillelagh "Devastator" {shatter}
  6780 | Lair:2   | Killed a one-headed hydra
  7072 | Lair:1   | Noticed a death yak
  7084 | Lair:1   | Killed a death yak
  7102 | Lair:1   | Reached *** piety under the Shining One
  7108 | Lair:1   | Reached skill level 10 in Evocations
  7240 | Lair:1   | Reached skill level 10 in Poison Magic
  7240 | Lair:1   | Reached skill level 8 in Invocations
  7402 | Lair:1   | Reached skill level 9 in Invocations
  7408 | Lair:1   | Identified the +8 hand axe "Jiec Ecy" {freeze, rC+}
  7529 | Lair:2   | Reached skill level 10 in Invocations
  7688 | Lair:2   | Found a hole to the Spider Nest.
  7707 | Lair:2   | Noticed Sonja
  7710 | Lair:2   | Killed Sonja
  7711 | Lair:2   | Reached skill level 11 in Invocations
  7759 | Lair:2   | Reached XP level 14. HP: 99/121 MP: 23/23
  7788 | Lair:2   | Reached **** piety under the Shining One
  7873 | Lair:2   | Reached skill level 12 in Invocations
  7917 | Lair:2   | Found a staircase to the Swamp.
  8027 | Lair:3   | Learned a level 4 spell: Iskenderun's Mystic Blast
  8061 | Lair:3   | Reached skill level 13 in Invocations
  8215 | Lair:6   | Entered Level 6 of the Lair of Beasts
  8416 | Lair:3   | Learned a level 3 spell: Ozocubu's Armour
  8464 | Lair:4   | Reached skill level 1 in Ice Magic
  8546 | Lair:4   | Identified a scroll of acquirement
  8546 | Lair:4   | Acquired the +1 helmet of Weirdness {rF+ Str+6 Dex+3}
  8681 | Lair:4   | Reached skill level 5 in Ice Magic
  8876 | Lair:4   | Reached XP level 15. HP: 83/126 MP: 20/25
  8884 | Lair:4   | Found a white marble altar of Elyvilon.
  9007 | Lair:4   | Found a runed translucent door.
  9008 | Lair:4   | Found a shimmering altar of Xom.
  9008 | Lair:4   | Noticed Tyssa's ghost (journeyman MeMo)
  9058 | Lair:5   | Found a staircase to the Slime Pits.
  9058 | Lair:5   | Found a viscous altar of Jiyva.
  9395 | Lair:6   | Reached skill level 10 in Ice Magic
  9862 | Lair:6   | Reached skill level 14 in Invocations
  9866 | Lair:6   | Glimpsed the power of Zot.
  9916 | Lair:6   | Glimpsed the power of Zot.
  9931 | Lair:6   | Found a runed translucent door.
  9957 | Lair:6   | Glimpsed the power of Zot.
  9965 | Lair:6   | Glimpsed the power of Zot.
  9966 | Lair:6   | Touched by the power of Zot.
 10023 | Lair:6   | Paralysed by a hornet for 2 turns
 10068 | Lair:5   | Glimpsed the power of Zot.
 10117 | Lair:6   | Glimpsed the power of Zot.
 10157 | Lair:6   | Glimpsed the power of Zot.
 10166 | Lair:6   | Glimpsed the power of Zot.
 10167 | Lair:6   | Touched by the power of Zot.
 10269 | Lair:6   | Glimpsed the power of Zot.
 10320 | Lair:6   | Glimpsed the power of Zot.
 10360 | Lair:4   | Glimpsed the power of Zot.
 10369 | Lair:4   | Glimpsed the power of Zot.
 10370 | Lair:4   | Touched by the power of Zot.
 11285 | D:12     | Slain by a cyclops

Illustrated notes

Levels and vault maps discovered:
D:1:      shiori_arrival_maze, layout_loops_ring,
          chequers_ecumenical_altar_grove
D:2:      layout_basic
D:3:      layout_basic, uniq_robin
D:4:      layout_rooms, palyth_stone_intersect
D:5:      layout_basic, minmay_temple_entry_junction, serial_shops, shop,
          uniq_blork_the_orc
D:6:      layout_rooms, uniq_pikel
D:7:      cheibrodos_fertilizer, layout_cave_pools, nicolae_water_bricks
D:8:      kennysheep_big_flooded_room, layout_basic,
          mainiacjoe_overflow_24_doors, item_on_display_a
D:9:      minmay_general_purpose_star, layout_grid_maze,
          ebering_ghost_rock_garden
D:10:     minmay_four_partial_circles, layout_long_grid,
          chequers_serial_rivers_room_a
D:11:     layout_roguey, dpeg_lair_monsters, serial_rivers,
          chequers_serial_rivers_small_b, chequers_serial_rivers_micro_d,
          chequers_serial_rivers_small_a, chequers_serial_rivers_micro_e,
          chequers_serial_rivers_room_a, chequers_serial_rivers_large_b
D:12:     argonaut_augean_stables, layout_gridville, grunt_potential
D:13:     layout_layer_cave
Temple:   mainiacjoe_temple_circle_huts
Lair:1:   dreamdust_isle_of_ice, layout_gridlike, nicolae_lair_lindhole,
          infiniplex_staircase_pool_2
Lair:2:   lemuel_ratsnest, layout_cave_shapes, palyth_hydra_swamp_entry,
          spider_nest_entry_a, serial_bayou_shore_b, uniq_sonja
Lair:3:   layout_loops_ring, dreamdust_deal_with_the_devil, lemuel_fruit_tree
Lair:4:   layout_gridlike, basic_altar, ebering_ghost_xom,
          nicolae_lair_grazing_beasts [nicolae_sub_lair_graze_edge,
          nicolae_sub_lair_graze_edge, nicolae_sub_lair_graze_edge,
          nicolae_sub_lair_graze_edge]
Lair:5:   layout_hall_layers, slime_altar_1, st_stairs_5
Lair:6:   wormcave, layout_concentric_octagons
Orc:1:    layout_caves, basic_altar
Orc:2:    st_orc_congregation, layout_diamond_mine, uniq_maurice

Skill      XL: |  1  2  3  4  5  6  7  8  9 10 11 12 13 14 15 |
---------------+----------------------------------------------+-----
Dodging        | 1 2 4 5 8 |  8.0
Fighting       | 2 3 4 5 10 | 10.0
Staves         | 1 3 4 7 9 11 | 11.8
Evocations     | 4 5 7 10 | 10.0
Throwing       | 5 10 | 10.0
Axes           | 2 4 |  4.6
Invocations    | 3 5 7 11 13 14 | 14.4
Armour         | 5 6 8 |  8.7
Poison Magic   | 5 10 | 10.0
Ice Magic      | 8 10 | 10.0
Polearms       | |  2.4

Action                   |  1- 3 |  4- 6 |  7- 9 | 10-12 | 13-15 || total
-------------------------+-------+-------+-------+-------+-------++-------
Melee: Spear             |   115 |    22 |       |       |       ||   137
       Punch             |     1 |     2 |       |     3 |    10 ||    16
       Whip              |       |    74 |       |       |       ||    74
       Quarterstaff      |       |       |    88 |       |       ||    88
       War axe           |       |       |   122 |   270 |   112 ||   504
       Hand axe          |       |       |       |       |   185 ||   185
       Long sword        |       |       |       |       |    17 ||    17
       Staff             |       |       |       |       |   390 ||   390
Throw: Boomerang         |       |       |       |    31 |    25 ||    56
       Throwing net      |       |       |       |     3 |       ||     3
       Dart              |       |       |       |     5 |     6 ||    11
       Javelin           |       |       |       |       |     5 ||     5
 Cast: Ozocubu's Armour  |       |       |       |       |     2 ||     2
Invok: Divine Shield     |       |       |       |     7 |    19 ||    26
       Cleansing Flame   |       |       |       |       |     2 ||     2
Evoke: Wand              |       |    13 |     5 |    14 |    34 ||    66
       Phantom mirror    |       |       |     1 |     1 |     2 ||     4
  Use: Scroll            |     2 |     7 |     6 |     9 |     9 ||    33
       Potion            |       |       |     3 |     2 |       ||     5
Armor: Scale mail        |    53 |    51 |   192 |   152 |   251 ||   699
Dodge: Dodged            |    39 |    42 |   148 |   136 |   451 ||   816
Block: Other             |       |       |       |    30 |   184 ||   214

Table legend: (Time is in decaauts)
 A = Elapsed time spent in this place.
 B = Non-inter-level travel time spent in this place.
 C = Inter-level travel time spent in this place.
 D = Time resting spent in this place.
 E = Time spent auto-exploring this place.
 F = Levels seen in this place.
 G = Mean time per level.
                   A        B        C        D        E       F      G
               +--------+--------+--------+--------+--------+-----+--------+
         Total |  11354 |  10527 |    827 |     68 |   2584 |  22 |  516.1 |
       Dungeon |   6769 |   6514 |    255 |     33 |   2420 |  13 |  520.7 |
        Temple |    101 |     80 |     21 |      0 |      0 |   1 |  101.0 |
          Lair |   4049 |   3538 |    511 |     35 |     64 |   6 |  674.8 |
  Orcish Mines |    433 |    393 |     40 |      0 |    100 |   2 |  216.5 |
               +--------+--------+--------+--------+--------+-----+--------+

Top non-repeatable levels by time:
     D:1: 1076 daAuts
  Lair:2: 896 daAuts
    D:11: 869 daAuts
  Lair:6: 856 daAuts
     D:2: 809 daAuts
  Lair:1: 789 daAuts
     D:5: 709 daAuts
  Lair:4: 695 daAuts
     D:7: 581 daAuts
     D:8: 505 daAuts
     D:9: 464 daAuts
     D:3: 457 daAuts
  Lair:3: 414 daAuts
    D:12: 399 daAuts
  Lair:5: 398 daAuts
